 Dungeon Crawl Stone Soup version 0.18.1-8-gdd0e5ea (webtiles) character file.

156 Kzard the Shooter (level 5, 0/34 HPs)
             Began as a High Elf Hunter on June 1, 2016.
             Was an Initiate of Elyvilon.
             Engulfed by a cloud of flame (12 damage)
             ... on level 4 of the Dungeon.
             The game lasted 00:21:29 (3881 turns).

Kzard the Shooter (High Elf Hunter)                 Turns: 3881, Time: 00:21:43

Health: 0/34       AC:  9    Str: 17    XL:     5   Next: 15%
Magic:  6/6        EV:  7    Int: 14    God:    Elyvilon [......]
Gold:   94         SH:  0    Dex: 16    Spells: 0 memorised, 4 levels left

rFire  + . .     SeeInvis .     b - +0 short sword
rCold  . . .     Gourm    .     r - +0 chain mail
rNeg   . . .     Faith    .     (no shield)
rPois  .         Spirit   .     (no helmet)
rElec  .         Dismiss  +     (no cloak)
rCorr  .         Reflect  .     (no gloves)
SustAt +         Harm     .     E - +0 pair of boots
MR     .....                    v - amulet of dismissal
Stlth  ..........               w - ring of protection from fire
                                u - ring of sustain attributes

@: mighty, lethally poisoned (0 -> -4), drained, not resistant to hostile
enchantments, extremely unstealthy
A: no striking features
a: Renounce Religion


You were on level 4 of the Dungeon.
You worshipped Elyvilon.
Elyvilon was noncommittal.
You were not hungry.

You visited 1 branch of the dungeon, and saw 4 of its levels.

You collected 94 gold pieces.

Inventory:

Hand Weapons
 a - a +2 shortbow
 b - a +0 short sword (weapon)
Missiles
 k - a throwing net (quivered)
 A - 3 arrows
 C - 4 tomahawks
Armour
 r - a +0 chain mail (worn)
 E - a +0 pair of boots (worn)
Jewellery
 m - an uncursed amulet of harm
 u - a ring of sustain attributes (left hand)
 v - an amulet of dismissal (around neck)
 w - a ring of protection from fire (right hand)
Scrolls
 c - a scroll of recharging
 p - a scroll of noise
 z - 2 scrolls of identify
Potions
 d - a potion of agility {unknown}
 e - 2 potions of resistance {unknown}
 g - a potion of might
 i - a potion of cancellation {unknown}
 l - a potion of flight {unknown}
 n - a potion of lignification {unknown}
 o - a potion of heal wounds {unknown}
 q - 3 potions of curing {unknown}
 s - a potion of mutation {unknown}
 t - 2 potions of degeneration {unknown}
 x - 3 potions of brilliance
 B - a potion of magic {unknown}
Comestibles
 f - a bread ration
 h - a beef jerky
 j - a meat ration
 F - 3 fruits
 G - 4 chunks of flesh


   Skills:
 + Level 2.0(1.1) Fighting
 + Level 0.2(0.0) Short Blades
 + Level 7.9(6.8) Bows
 + Level 1.4(0.4) Armour
 + Level 2.3(1.3) Dodging
 + Level 1.3(0.4) Stealth


You had 4 spell levels left.
You didn't know any spells.

Dungeon Overview and Level Annotations

Branches:
Dungeon (4/15)
 Temple: D:4-7

Altars:
Ashenzari
Dithmenos
Elyvilon
Kikubaaqudgha
Okawaru
Pakellas
Qazlal
Ru
Vehumet
Xom
Zin
The Shining One


Message History

The adder barely misses you.
The dart slug bites you but does no damage.
As you read the scroll of immolation, it crumbles to dust.
The creatures around you are filled with an inner flame!
The giant newt bites you but does no damage.
The adder skeleton barely misses you. The adder bites you.
The orc hits you but does no damage.
You feel very mighty all of a sudden.
The giant newt bites you but does no damage.
The adder skeleton bites you but does no damage.
The adder bites you but does no damage. The dart slug launches a dart at you.
The slug dart hits you!
You puncture the giant newt!
The giant newt explodes!
The fiery explosion engulfs the dart slug.
The dart slug explodes!
The fiery explosion engulfs you! You resist. The fiery explosion engulfs you!
You resist.
You are engulfed in roaring flames.
You resist.
You die...

≈## #...#.#### ≈≈.#
#..#....#
≈≈≈≈###..#....#
≈≈≈≈≈#.#......#
≈#≈≈≈....#........
≈≈#≈≈≈#.##...).⌠..
≈≈≈≈≈≈§%.#.###.....
≈≈≈≈≈≈§§§#.######..
≈≈≈≈≈≈§§@Z....# .⌠
≈≈≈≈≈≈§##So...#
≈≈≈≈≈≈≈ o(.....
##≈≈≈≈# .>(...[
.≈≈≈≈. .#.....
≈≈≈≈w# .#..(..
≈≈≈≈# ## .... ≈≈.#
..=(


You could see an adder (inner flame), 2 orcs and an adder skeleton (inner
flame).

Vanquished Creatures
  Jessica (D:2)
  4 adders
  An ooze (D:1)
  5 worms
  6 dart slugs
  A giant gecko (D:4)
  2 orcs (D:3)
  3 giant cockroaches
  4 goblins
  6 hobgoblins
  2 jackals (D:1)
  A quokka (D:2)
  A ball python (D:1)
  9 bats
  5 giant newts
  8 kobolds
  8 rats
67 creatures vanquished.

Notes
Turn   | Place    | Note
--------------------------------------------------------------
     0 | D:1      | Kzard the High Elf Hunter began the quest for the Orb.
     0 | D:1      | Reached XP level 1. HP: 14/14 MP: 2/2
   229 | D:1      | Reached XP level 2. HP: 16/19 MP: 3/3
   387 | D:1      | Reached skill level 6 in Bows
   857 | D:1      | Reached XP level 3. HP: 24/24 MP: 4/4
  1225 | D:2      | Noticed Jessica
  1229 | D:2      | Killed Jessica
  1229 | D:2      | Reached skill level 7 in Bows
  1229 | D:2      | Reached XP level 4. HP: 29/29 MP: 5/5
  1383 | D:2      | Found a glowing golden altar of the Shining One.
  1648 | D:2      | Reached skill level 1 in Armour
  3474 | D:3      | Reached XP level 5. HP: 34/34 MP: 6/6
  3729 | D:4      | Found an ancient bone altar of Kikubaaqudgha.
  3733 | D:4      | Found a shimmering altar of Xom.
  3741 | D:4      | Found an iron altar of Okawaru.
  3742 | D:4      | Found a radiant altar of Vehumet.
  3742 | D:4      | Found a shadowy altar of Dithmenos.
  3742 | D:4      | Found a shattered altar of Ashenzari.
  3742 | D:4      | Found a white marble altar of Elyvilon.
  3743 | D:4      | Found a stormy altar of Qazlal.
  3746 | D:4      | Found an oddly glowing altar of Pakellas.
  3752 | D:4      | Found a sacrificial altar of Ru.
  3753 | D:4      | Found a glowing silver altar of Zin.
  3807 | D:4      | Became a worshipper of Elyvilon the Healer
  3881 | D:4      | Engulfed by a cloud of flame

Skill      XL: |  1  2  3  4 |
---------------+-------------+-----
Bows           | 6 7 |  7.9
Armour         | 1 |  1.4
Fighting       | |  2.0
Short Blades   | |  0.2
Dodging        | |  2.3
Stealth        | |  1.3

Action                   |  1- 3 |  4- 6 || total
-------------------------+-------+-------++-------
Melee: Short sword       |       |    33 ||    33
 Fire: Shortbow          |    92 |    93 ||   185
Throw: Throwing net      |       |     1 ||     1
  Use: Scroll            |       |    11 ||    11
       Potion            |       |     2 ||     2
 Stab: Held in net/web   |       |     1 ||     1
  Eat: Chunk             |     1 |     1 ||     2
       Meat ration       |       |     1 ||     1
       Bread ration      |       |     1 ||     1
Armor: Leather armour    |     3 |       ||     3
       Chain mail        |    13 |    86 ||    99
Dodge: Dodged            |    11 |    43 ||    54
